 Dungeon Crawl Stone Soup version 0.16-a0-1243-g6e0463c (webtiles) character file.

2511 Psiweapon the Cutter (level 9, -4/51 HPs)
             Began as a Kobold Abyssal Knight on Oct 12, 2014.
             Was a High Priest of Lugonu.
             Killed by divine providence
             ... invoked by an orc priest
              (14 damage)
             ... on level 8 of the Dungeon.
             The game lasted 00:41:08 (9398 turns).

Psiweapon the Cutter (Kobold Abyssal Knight)        Turns: 9398, Time: 00:41:08

Health: -4/51      AC:  7    Str: 10    XL:     9   Next: 83%
Magic:  20/20      EV: 10    Int: 10    God:    Lugonu [*****.]
Gold:   266        SH:  5    Dex: 18    Spells: 0 memorised, 8 levels left

rFire  + . .     SeeInvis .     I - +1 dagger (venom)
rCold  + . .     Clarity  .     Q - +1 ring mail {rF+}
rNeg   . . .     SustAb   .     x - +0 buckler
rPois  .         Gourm    .     f - +0 helmet
rElec  .         Spirit   .     (no cloak)
rCorr  .         Warding  .     (no gloves)
rMut   .         Stasis   .     (no boots)
MR     .....                    (no amulet)
Stlth  +++.......               R - ring "Gauthi" {+Inv rC+ Int-1}
                                (no ring)

@: very slightly contaminated, not resistant to hostile enchantments, fairly
stealthy
A: carnivore 3
a: Depart the Abyss, Bend Space, Banish, Corrupt, Enter the Abyss, Renounce
Religion, Evoke Invisibility


You were on level 8 of the Dungeon.
You worshipped Lugonu.
Lugonu was extremely pleased with you.
You were not hungry.

You visited 2 branches of the dungeon, and saw 9 of its levels.
You visited the Abyss 1 time.

You collected 266 gold pieces.

Inventory:

Hand weapons
 a - a +2 short sword
 b - a +0 hunting sling
 p - the +5 flail of a bailey {freeze, rF+ Stlth+, unknown}
   (You found it on level 8 of the Dungeon)

   It has been specially enchanted to freeze those struck by it, causing extra
   injury to most foes and up to double damage against particularly susceptible
   opponents.
   It can also slow down cold-blooded creatures.
   It protects you from fire.
   It makes you more stealthy.
 z - a +0 morningstar
 A - a +0 blowgun
 I - a +1 dagger of venom (weapon)
 L - the +7 flail of Amorality {speed, rElec SInv}
   (You found it on level 5 of the Dungeon)

   Attacks with this weapon are significantly faster.
   It insulates you from electricity.
   It enhances your eyesight.
 Y - a +1 short sword of venom
Missiles
 e - 127 stones (quivered)
 h - 77 bolts
 n - 9 sling bullets of frost
 y - 9 curare-tipped needles
 B - 58 poisoned needles
 N - 20 sling bullets
 T - a throwing net
Armour
 f - a +0 helmet (worn)
 j - a +0 leather armour
 x - a +0 buckler (worn)
 Q - a +1 ring mail of fire resistance (worn)
Jewellery
 v - an uncursed ring of loudness
 C - an uncursed ring of see invisible
 F - an uncursed amulet of stasis
 R - the ring "Gauthi" (right hand) {+Inv rC+ Int-1}
   (You found it on level 6 of the Dungeon)

   [ring of invisibility]

   It affects your intelligence (-1).
   It protects you from cold.
   It lets you turn invisible.
Magical devices
 u - a wand of flame (30)
 K - a wand of invisibility (4)
 O - a wand of draining (4)
 U - a wand of confusion (12)
 X - a wand of random effects (20)
Scrolls
 g - a scroll of enchant weapon
 q - 2 scrolls of recharging
 r - a scroll of amnesia
 s - 2 scrolls of enchant armour {unknown}
 E - 3 scrolls of fog
 M - a scroll of teleportation {unknown}
 S - a scroll of blinking {unknown}
 Z - a scroll of immolation {unknown}
Potions
 d - 2 potions of curing
 i - 2 potions of invisibility {unknown}
 k - 2 potions of cancellation {unknown}
 l - a potion of restore abilities {unknown}
 m - 2 potions of lignification {unknown}
 o - 2 potions of brilliance
 w - a potion of poison {unknown}
 D - a potion of heal wounds {unknown}
 H - 2 potions of berserk rage
 V - a potion of resistance {unknown}
 W - a potion of agility {unknown}
Books
 P - a book of Beasts

   Spells                             Type                      Level
   Summon Butterflies                 Summoning                    1
   Call Canine Familiar               Summoning                    3
   Summon Ice Beast                   Ice/Summoning                4
   Summon Mana Viper                  Hexes/Summoning              5
   Monstrous Menagerie                Summoning                    6
   Summon Hydra                       Summoning                    7
Comestibles
 c - 4 meat rations
 G - a beef jerky
 J - a royal jelly


   Skills:
 - Level 3.2 Fighting
 - Level 7.4 Short Blades
 - Level 3.7 Maces & Flails
 - Level 4.4(5.4) Slings
 - Level 5.1(6.1) Throwing
 + Level 1.4 Armour
 + Level 2.9 Dodging
 + Level 6.0 Stealth
 - Level 7.2 Invocations
 - Level 5.0 Evocations


You had 8 spell levels left.
You didn't know any spells.

Dungeon Overview and Level Annotations

Branches:
Dungeon (8/15)             Temple (1/1) D:5
   Lair: D:8-11

Altars:
Ashenzari
Cheibriados
Elyvilon
Fedhas
Gozag
Kikubaaqudgha
Makhleb
Nemelex Xobeh
Okawaru
Qazlal
Ru
Sif Muna
Trog
Vehumet
Xom
Yredelemnul
Zin
The Shining One

Shops:
D:6 :   D:7 :

Annotations:
D:6 exclusion: door
D:8 Eustachio, Pikel
Abyss:1 Dowan, Duvessa


Innate Abilities, Weirdness & Mutations

You are small and have problems with some larger weapons.
You are carnivorous and can eat meat at any time.


Message History

The bat hits you.
Things that are here:
a war axe; an orc corpse The bat hits you but does no damage.
The bat closely misses you.
The orc priest's eyes start to glow.
You open the door. You block the bat's attack.
The orc priest mumbles some strange prayers to Beogh against you.
Something smites you!
* * * LOW HITPOINT WARNING * * *
The bat hits you but does no damage. Pikel barely misses you.
The orc priest mumbles some strange prayers to Beogh.
You feel a wave of unholy energy pass over you.
There is an open door here.
The bat closely misses you. The bat hits you but does no damage.
The bat hits you but does no damage.
The orc priest mumbles some strange prayers to Beogh against you.
Something smites you!
You die...

#........##...#
#........O....# #...# #...#
+...###+###...#
#.).+.........+
#...##.....[..#
#+####+######+##...##>..#
................##...##...#
.......)....@..<.##...##.....
............b.................
...........K.................
......p..p..................
##p.####'######.##...##.....
####.@###....####.##...##..
#..[.K.'@o.....).......#
#......o#...............#
≈≈≈..os.#......≈..≈......#


You could see Eustachio, Pikel, 2 slaves, an orc priest and a bat.

Vanquished Creatures
  A phantom (D:7)
  2 centaurs (D:7)
  An ice beast (D:8)
  2 ogres
  3 sky beasts
  A necrophage (D:6)
  3 giant frogs
  A big kobold (D:7)
  4 wights (D:7)
  3 scorpions
  A crimson imp (D:7)
  An iron imp (D:8)
  A goliath beetle (D:6)
  A jelly (D:6)
  A giant frog skeleton (D:5)
  5 hounds
  4 orc wizards
  4 worker ants
  2 iguanas
  A killer bee zombie (D:5)
  An ogre skeleton (D:5)
  7 adders
  3 gnolls (D:6)
  2 giant mites
  2 shadow imps (D:6)
  3 worms
  An adder skeleton (D:7)
  6 giant geckos
  2 oozes
  30 orcs
  A bat zombie (D:5)
  5 giant cockroaches
  15 goblins
  11 hobgoblins
  16 jackals
  11 kobolds
  5 quokkas
  5 ball pythons
  12 bats
  4 giant newts
  2 goblin skeletons
  A jackal skeleton (D:4)
  13 rats
  A butterfly (D:5)
201 creatures vanquished.

Vanquished Creatures (others)
  The ghost of Psiweapon the Cutter, an average KoAK of Lugonu (D:5)
  A phantom (D:4)
  2 orc priests
  An orc wizard (D:3)
  A green rat (D:8)
  A giant gecko (D:3)
7 creatures vanquished.

Grand Total: 208 creatures vanquished

Notes
Turn   | Place    | Note
--------------------------------------------------------------
     0 | Abyss:1  | Psiweapon, the Kobold Abyssal Knight, began the quest for the Orb.
     0 | Abyss:1  | Reached XP level 1. HP: 14/14 MP: 1/1
    14 | D:1      | Escaped the Abyss
   208 | D:1      | Reached XP level 2. HP: 19/19 MP: 2/2
   388 | D:1      | Acquired Lugonu's second power
   479 | D:1      | Reached skill level 4 in Short Blades
   490 | D:1      | Reached skill level 1 in Slings
   503 | D:1      | Reached XP level 3. HP: 20/23 MP: 3/3
  1120 | D:2      | Reached XP level 4. HP: 26/28 MP: 5/5
  2020 | D:2      | Acquired Lugonu's third power
  2042 | D:2      | Reached skill level 5 in Short Blades
  2698 | D:3      | Reached XP level 5. HP: 28/32 MP: 1/6
  3799 | D:3      | Reached XP level 6. HP: 37/37 MP: 10/10
  3852 | D:2      | HP: 1/37 [orc/flail (9)]
  4554 | D:4      | Reached skill level 1 in Throwing
  4821 | D:4      | Reached XP level 7. HP: 33/41 MP: 12/12
  4823 | D:4      | Acquired Lugonu's fourth power
  5317 | D:5      | Entered Level 5 of the Dungeon
  5661 | D:5      | Noticed Psiweapon's ghost (average KoAK)
  5663 | D:5      | Banished Psiweapon's ghost
  5663 | D:5      | Reached skill level 5 in Invocations
  5783 | D:5      | Found a staircase to the Ecumenical Temple.
  5788 | Temple   | Entered the Ecumenical Temple
  5893 | D:5      | Reached skill level 5 in Throwing
  5893 | D:5      | Reached XP level 8. HP: 37/46 MP: 16/16
  5947 | D:5      | Got a fine flail
  5948 | D:5      | Identified the +7 flail of Amorality {speed, rElec SInv} (You found it on level 5 of the Dungeon)
  5991 | D:5      | Reached skill level 1 in Maces & Flails
  5991 | D:5      | Reached skill level 6 in Invocations
  6389 | D:5      | Found a shattered altar of Ashenzari.
  6389 | D:5      | Found a burning altar of Makhleb.
  6760 | D:6      | Found Wipixkal's Book Boutique.
  6766 | D:6      | Acquired Lugonu's fifth power
  6796 | D:6      | Noticed Duvessa
  6796 | D:6      | Noticed Dowan
  6797 | D:6      | Banished Duvessa
  6799 | D:6      | Banished Dowan
  6878 | D:6      | Reached skill level 7 in Invocations
  7089 | D:6      | Found a radiant altar of Vehumet.
  7094 | D:6      | Got a sparkling granite ring
  7095 | D:6      | Identified the ring "Gauthi" {+Inv rC+ Int-1} (You found it on level 6 of the Dungeon)
  7141 | D:6      | Reached skill level 1 in Stealth
  7141 | D:6      | Reached skill level 1 in Evocations
  7279 | D:6      | Found a deep blue altar of Sif Muna.
  7377 | D:6      | Reached XP level 9. HP: 51/51 MP: 20/20
  8346 | D:7      | Reached skill level 5 in Stealth
  8470 | D:7      | Upgraded the game from 0.16-a0-1212-geefc3ab to 0.16-a0-1243-g6e0463c
  8539 | D:7      | Found a glowing silver altar of Zin.
  8547 | D:7      | Found a snail-covered altar of Cheibriados.
  8550 | D:7      | Found a white marble altar of Elyvilon.
  8560 | D:7      | Found a bloodstained altar of Trog.
  8564 | D:7      | Found a stormy altar of Qazlal.
  8618 | D:7      | Found Jeoniofaorr's Book Boutique.
  8964 | D:7      | Reached skill level 5 in Evocations
  9322 | D:8      | Reached skill level 1 in Armour
  9330 | D:8      | Got a pitted flail
  9365 | D:8      | Found a blossoming altar of Fedhas.
  9365 | D:8      | Noticed Eustachio
  9365 | D:8      | Noticed Pikel
  9398 | D:8      | Killed from afar by an orc priest

Action                   |  1- 3 |  4- 6 |  7- 9 || total
-------------------------+-------+-------+-------++-------
Melee: Short sword       |    61 |   107 |   114 ||   282
       Flail             |       |       |   166 ||   166
       Dagger            |       |       |    13 ||    13
 Fire: Hunting sling     |    48 |    95 |     8 ||   151
       Blowgun           |       |    26 |    82 ||   108
Throw: Stone             |    12 |       |    23 ||    35
Invok: Banish            |       |     4 |     5 ||     9
       Bend Space        |       |       |     2 ||     2
 Abil: Evoke Invisibilit |       |       |     3 ||     3
       Turn Visible      |       |       |     1 ||     1
Evoke: Wand              |       |     5 |     4 ||     9
  Use: Scroll            |     2 |       |    10 ||    12
       Potion            |       |     2 |       ||     2
 Stab: Sleeping          |       |       |    12 ||    12
       Invisible         |       |       |    10 ||    10
  Eat: Chunk             |       |    10 |    14 ||    24
       Meat ration       |       |     1 |       ||     1
